 Dungeon Crawl Stone Soup version 0.29.1-13-g9f3cf754e1 (webtiles) character file.

Game seed: 3365893290717015352

88 croobank the Conjurer (level 4, -4/31 HPs)
             Began as a Demonspawn Conjurer on Feb 2, 2023.
             Slain by Duvessa
             ... wielding a +0 short sword
              (12 damage)
             ... on level 4 of the Dungeon.
             The game lasted 00:07:25 (3170 turns).

croobank the Conjurer (Demonspawn Conjurer)         Turns: 3170, Time: 00:07:26

Health: -4/31      AC:  6    Str:  7    XL:     4   Next: 29%
Magic:  9/16       EV: 14    Int: 21    God:
Gold:   133        SH:  0    Dex: 12    Spells: 2/8 levels left

rFire   + . .      SeeInvis .   j - +5 flail (venom)
rCold   + + .      Faith    .   (no shield)
rNeg    . . .      Spirit   .   w - +2 robe {rC+}
rPois   .          Reflect  .   (no helmet)
rElec   .          Harm     .   h - scarf {rC+ rF+}
rCorr   .          Rampage  .   (no gloves)
Will    .....                   f - +1 pair of boots
Stlth   +.........              m - amulet of regeneration
HPRegen 0.90/turn               d - ring of magical power
MPRegen 0.15/turn               (no ring)

@: lit by a corona, glowing
A: repulsion field 1, powered by pain 1
a: no special abilities


You were on level 4 of the Dungeon.
You visited 1 branch of the dungeon, and saw 4 of its levels.

You collected 133 gold pieces.

Inventory:

Hand Weapons
 j - a +5 flail of venom (weapon)
Armour
 f - a +1 pair of boots (worn)
 h - a scarf of resistance (worn)
 t - the +3 leather armour of Baldness {+Blink Will+ Str-5 Stlth+}
   (You found it on level 2 of the Dungeon)

   Str:       It affects your strength (-5).
   +Blink:    It lets you blink.
   Will:      It increases your willpower.
   Stlth:     It makes you more stealthy.
 w - a +2 robe of cold resistance (worn)
Jewellery
 d - a ring of magical power (left hand)
 m - an amulet of regeneration (around neck)
Scrolls
 q - 2 scrolls of vulnerability
 s - a scroll of noise
 v - a scroll of identify
Potions
 a - 2 potions of haste {unknown}
 b - a potion of magic
 c - 2 potions of resistance
 e - a potion of flight
 g - 2 potions of attraction
 i - a potion of heal wounds {unknown}
 k - 2 potions of brilliance {unknown}
 l - a potion of might {unknown}
 n - a potion of berserk rage {unknown}
 o - 3 potions of curing {unknown}
 u - 2 potions of lignification {unknown}


   Skills:
 + Level 0.8 Fighting
 * Level 1.1 Maces & Flails
 + Level 2.4 Dodging
 + Level 2.5 Stealth
 + Level 2.5 Spellcasting
 + Level 4.3 Conjurations
 + Level 0.0 Hexes


You had 2 spell levels left.
You knew the following spells:

 Your Spells              Type           Power      Damage    Failure   Level
a - Magic Dart            Conj           84%        1d7       2%          1
b - Searing Ray           Conj           42%        2d6       3%          2
c - Dazzling Flash        Conj/Hex       22%        N/A       17%         3

Your spell library contained the following spells:

 Spells                   Type           Power      Damage    Failure   Level
 Portal Projectile        Hex/Tloc       4%         N/A       38%         3
 Tukima's Dance           Hex            2%         N/A       38%         3
 Fulminant Prism          Conj/Hex       5%         3d7       50%         4
 Iskenderun's Mystic Bla  Conj/Tloc      11%        2d4       50%         4
 Blade Hands              Tmut           1%         N/A       98%         5


Dungeon Overview and Level Annotations

Branches:
Dungeon (4/15)
 Temple: D:4-7

Altars:
Hepliaklqana
Yredelemnul

Shops:
D:2 (

Annotations:
D:4 Duvessa


Innate Abilities, Weirdness & Mutations

You are surrounded by a mild repulsion field. (EV +2)
You sometimes gain a little power by taking damage.


Message History

Duvessa is lightly wounded.
The searing ray hits Dowan.
Dowan is moderately wounded.
Dowan hisses, "Insulting my beauty only makes me fight harder!"
Duvessa says, "When magic and the sword combine, nothing stands against them."
Duvessa hits you with a +0 short sword.
The searing ray hits Duvessa.
Duvessa is lightly wounded.
The searing ray hits Dowan.
Dowan is heavily wounded.
You finish channelling your searing ray.
Duvessa hits you with a +0 short sword.
You hit Duvessa.
Duvessa is poisoned.
Duvessa is moderately wounded.
Duvessa says, "When magic and the sword combine, nothing stands against them."
Duvessa hits you with a +0 short sword. Duvessa hits you but does no damage.
Dowan says, "Magic and the sword, together, will defeat you."
Dowan hits you with a +4 vampiric dagger.
Dowan draws strength from your wounds!
You sock Dowan!
Dowan is severely wounded.
Dowan gestures at you while chanting.
You are outlined in light.
Duvessa barely misses you.
You hit Dowan.
Dowan is almost dead.
Dowan hits you with a +4 vampiric dagger.
Duvessa hits you with a +0 short sword!
You hit Duvessa.
Duvessa looks as sick as possible!
Duvessa is heavily wounded.
Dowan says, "Magic and the sword, together, will defeat you."
Dowan casts a spell at you. The puff of flame hits you. You resist.
Duvessa completely misses you.
Dowan hits you with a +4 vampiric dagger.
Dowan draws strength from your wounds! Duvessa hits you with a +0 short sword.
* * * LOW HITPOINT WARNING * * *
You sock Dowan!
You kill Dowan!
Duvessa weeps, and shakes her weapon.
Duvessa goes berserk!
Duvessa hits you with a +0 short sword!
You die...

#......'......#.....#
.........#......'.....#
.........#......#.....#
..#.###+##......###...#
♣ #..........#### #####
#..........#
#..........#
#..........#
......)@...#
###...e.#### #.....#
#.....# +[....+ #.....#
..##### ..>


You could see Duvessa (berserk, extremely poisoned).

Vanquished Creatures
  Dowan (D:4)
  A gnoll (D:1)
  3 adders
  A dart slug (D:3)
  4 bats
  6 endoplasms
  4 giant cockroaches
  3 goblins
  7 hobgoblins (D:1)
  5 kobolds
  3 quokkas
  3 ball pythons
  2 frilled lizards
  3 rats (D:1)
46 creatures vanquished.

Notes
Turn   | Place    | Note
-------+----------+-------------------------------------------
     0 | D:1      | croobank the Demonspawn Conjurer began the quest for the
                  | Orb.
     0 | D:1      | Reached XP level 1. HP: 13/13 MP: 3/3
   359 | D:1      | Gained mutation: You sometimes gain a little power by
                  | taking damage. [demonic ancestry]
   359 | D:1      | Reached XP level 2. HP: 19/19 MP: 5/5
   953 | D:1      | Reached XP level 3. HP: 22/24 MP: 6/6
  1129 | D:1      | Learned a level 2 spell: Searing Ray
  1209 | D:1      | Found a faded altar of an unknown god.
  2036 | D:2      | Identified the +3 leather armour of Baldness {+Blink Will+
                  | Str-5 Stlth+}
  2159 | D:2      | Found Boedd's Antique Weapon Emporium.
  2202 | D:2      | Gained mutation: You are surrounded by a mild repulsion
                  | field. (EV +2) [demonic ancestry]
  2202 | D:2      | Reached XP level 4. HP: 31/31 MP: 7/7
  2629 | D:3      | Found a basalt altar of Yredelemnul.
  2631 | D:3      | Found a hazy altar of Hepliaklqana.
  2646 | D:3      | Reached skill level 1 in Maces & Flails
  3109 | D:4      | Learned a level 3 spell: Dazzling Flash
  3157 | D:4      | Noticed Duvessa
  3159 | D:4      | Noticed Dowan
  3170 | D:4      | Killed Dowan
  3170 | D:4      | Slain by Duvessa

Illustrated notes

Levels and vault maps discovered:
D:1:      evilmike_arrival_rings, layout_basic,
          dreamdust_ecumenical_altar_angels_and_demons
D:2:      cheibrodos_old_hovel, layout_basic, serial_shops,
          nicolae_shop_overgrown_old_shop
D:3:      layout_loops_cross, mainiacjoe_overflow_catch_the_wave,
          minmay_circle_x
D:4:      wad_pebble_path, layout_gridville, enter_ossuary_3,
          nicolae_shop_clearance, uniq_pargi, uniq_duvessa,
          uniq_crazy_yiuf_cottage, uniq_blork_the_orc

Skill      XL: |  1  2  3  4 |
---------------+-------------+-----
Stealth        | 2 |  2.5
Dodging        | 2 |  2.4
Maces & Flails | 1 |  1.1
Fighting       | |  0.8
Spellcasting   | |  2.5
Conjurations   | |  4.3

Action                   |  1- 3 |  4- 6 || total
-------------------------+-------+-------++-------
Melee: Flail             |    50 |    21 ||    71
       Punch             |     1 |       ||     1
 Cast: Magic Dart        |    33 |     4 ||    37
       Searing Ray       |     1 |     1 ||     2
  Use: Scroll            |       |    12 ||    12
 Stab: Sleeping          |     5 |     2 ||     7
Armor: Robe              |    10 |     4 ||    14
Dodge: Dodged            |    35 |    11 ||    46
